 Dungeon Crawl Stone Soup version 0.22.0-27-ga576289 (webtiles) character file.

144 leisz the Ruffian (level 5, -1/45 HPs)
             Began as a Ghoul Gladiator on Aug 21, 2018.
             Slain by Sigmund
             ... wielding a +0 scythe
              (8 damage)
             ... on level 2 of the Dungeon.
             The game lasted 00:07:07 (1566 turns).

leisz the Ruffian (Ghoul Gladiator)                 Turns: 1566, Time: 00:07:07

Health: -1/45      AC:  4    Str: 19    XL:     5   Next: 26%
Magic:  4/4        EV: 12    Int:  3    God:
Gold:   88         SH:  0    Dex: 10    Spells: 4/4 levels left

rFire    . . .     SeeInvis .     - Unarmed
rCold    + . .     Gourm    .   (no shield)
rNeg     + + +     Faith    .   a - +0 leather armour
rPois    ∞         Spirit   .   b - +0 helmet
rElec    .         Reflect  .   (no cloak)
rCorr    .         Harm     .   (no gloves)
MR       .....                  (no boots)
Stlth    +.........             (no amulet)
HPRegen  0.00/turn              (no ring)
MPRegen  0.09/turn              (no ring)

@: rotting
A: rotting body, claws 1, carnivore, cold resistance 1, negative energy
resistance 3, inhibited regeneration, torment resistance, unbreathing
a: no special abilities


You were on level 2 of the Dungeon.
You were not hungry.

You visited 1 branch of the dungeon, and saw 2 of its levels.

You collected 88 gold pieces.

Inventory:

Missiles
 c - a throwing net (quivered)
 e - 20 bolts
 i - 9 stones
Armour
 a - a +0 leather armour (worn)
 b - a +0 helmet (worn)
Scrolls
 f - 2 scrolls of identify {unknown}
 h - a scroll of teleportation {unknown}
 m - a scroll of blinking {unknown}
 o - a scroll of remove curse {unknown}
Potions
 g - 2 potions of curing {unknown}
 k - a potion of resistance {unknown}
 l - a potion of heal wounds {unknown}
 n - a potion of ambrosia {unknown}
Comestibles
 d - 4 rations
 j - 5 chunks of flesh


   Skills:
 + Level 3.2 Fighting
 + Level 2.6 Throwing
 + Level 1.6 Armour
 + Level 3.3 Dodging
 + Level 4.1 Unarmed Combat


You had 4 spell levels left.
You didn't know any spells.
Your spell library was empty.

Dungeon Overview and Level Annotations

Branches:
Dungeon (1/15)

Altars:

Annotations:
D:2 Sigmund


Innate Abilities, Weirdness & Mutations

Your body is rotting away.
You thrive on raw meat.
You are immune to poison.
You have sharp fingernails.
You are carnivorous and can eat meat at any time.
Your flesh is cold resistant. (rC+)
You are immune to negative energy. (rN+++)
You do not regenerate when monsters are visible.
You are immune to unholy pain and torment.
You can survive without breathing.


Message History

You bump into the rock wall.
Sigmund hits you from afar with a scythe.
* * * LOW HITPOINT WARNING * * *
You bump into the rock wall.
Sigmund closely misses you.
You feel less confused.
Sigmund hits you from afar with a scythe.
* * * LOW HITPOINT WARNING * * *
Some of the chunks of flesh in your inventory have rotted away.
Sigmund gestures at you while chanting. You resist with some effort.
Sigmund casts a spell at you. You resist with some effort.
Sigmund gestures at you while chanting.
You are confused.
You bump into the rock wall.
Sigmund hits you from afar with a scythe.
* * * LOW HITPOINT WARNING * * *
You feel less confused.
Sigmund hits you from afar with a scythe!
You die...

.##### #.....# ####.#.#
#.# .....# #.....# #...#
#.# ####.###.....#
############ #.#
####.##.....## #..÷....#
#..
#.......##..#####.#####.#
###
...#.#####...........##.#
.#.#.# #.######@##.##.#
.....# #.# ##.##.##.#
#.#### #.# #@.......# #.#
#.# #.###..### #.## ...
#.###..# ...## .....
#.##...## ....# #.....#
#.......# ...## #.....#
#.##.#..# #.## #.....#
#.......# #.# #######
#.#..##.# #.# #.#.###.#


You could see Sigmund.

Vanquished Creatures
  Natasha (thrice) (D:2)
  3 adders (D:2)
  A worm (D:2)
  A dart slug (D:1)
  2 leopard geckos (D:2)
  A giant cockroach (D:2)
  6 goblins
  5 hobgoblins
  6 jackals (D:2)
  2 kobolds (D:1)
  A bat (D:2)
  A frilled lizard (D:2)
  5 rats (D:2)
37 creatures vanquished.

Notes
Turn   | Place    | Note
-------+----------+-------------------------------------------
     0 | D:1      | leisz the Ghoul Gladiator began the quest for the Orb.
     0 | D:1      | Reached XP level 1. HP: 17/17 MP: 0/0
   421 | D:1      | Reached XP level 2. HP: 19/23 MP: 1/1
   563 | D:1      | You fall through a shaft!
   639 | D:2      | Reached XP level 3. HP: 17/30 MP: 2/2
   782 | D:2      | Noticed Natasha
   806 | D:2      | Killed Natasha
   806 | D:2      | Reached skill level 1 in Armour
   969 | D:2      | Reached XP level 4. HP: 33/37 MP: 3/3
  1030 | D:2      | Noticed Natasha
  1036 | D:2      | Killed Natasha
  1082 | D:2      | Noticed Natasha
  1099 | D:2      | Killed Natasha
  1099 | D:2      | Reached skill level 4 in Unarmed Combat
  1099 | D:2      | Reached XP level 5. HP: 18/45 MP: 4/4
  1535 | D:2      | Noticed Sigmund
  1566 | D:2      | Slain by Sigmund

Skill      XL: |  1  2  3  4 |
---------------+-------------+-----
Throwing       | 2 |  2.6
Armour         | 1 |  1.6
Dodging        | 3 |  3.3
Fighting       | 3 |  3.2
Unarmed Combat | 4 |  4.1

Action                   |  1- 3 |  4- 6 || total
-------------------------+-------+-------++-------
Melee: Unarmed           |    59 |    67 ||   126
       Punch             |     2 |     1 ||     3
Throw: Throwing net      |     4 |     1 ||     5
 Stab: Held in net/web   |     2 |       ||     2
  Eat: Chunk             |     4 |     2 ||     6
Armor: Leather armour    |    19 |    19 ||    38
Dodge: Dodged            |    26 |    34 ||    60
